 Dungeon Crawl Stone Soup version 0.31-a0-175-g9f7f995f2b (webtiles) character file.

Game seed: 680642651001790255

107 qw the Chopper (level 4, -11/28 HPs)
             Began as a Gargoyle Fighter on June 16, 2023.
             Mangled by an ogre
             ... wielding a +0 giant spiked club
              (25 damage)
             ... on level 4 of the Dungeon.
             The game lasted 00:01:00 (2612 turns).

qw the Chopper (Gargoyle Fighter)                   Turns: 2612, Time: 00:01:00

Health: -11/28     AC: 15    Str: 21    XL:     4   Next: 86%
Magic:  4/4        EV:  7    Int:  9    God:
Gold:   163        SH:  4    Dex:  9    Spells: 3/3 levels left

rFire   . . .        Y - +2 war axe
rCold   . . .        c - +0 buckler
rNeg    + . .        j - +0 chain mail
rPois   inf          (no helmet)
rElec   +            (no cloak)
rCorr   .            l - +0 pair of gloves
SInv    .            k - +0 pair of boots
Will    .....        (no amulet) Stlth
                     (no ring)
HPRegen 0.24/turn    (no ring)
MPRegen 0.09/turn

%: no passive effects
@: no status effects
A: sickness immunity, AC +3, negative energy resistance 1, electricity
resistance, torment resistance 1, petrification resistance
a: no special abilities


You were on level 4 of the Dungeon.
You visited 1 branch of the dungeon, and saw 4 of its levels.

You collected 163 gold pieces.


Innate Abilities, Weirdness & Mutations

You are immune to sickness and miasma.
Your stone body is resilient. (AC +3)
You are immune to poison.
You resist negative energy. (rN+)
You are resistant to electric shocks. (rElec)
You are resistant to unholy torment.
You are immune to petrification.


   Skills:
 - Level 3.2 Fighting
 + Level 4.4 Axes
 - Level 3.2 Armour
 - Level 3.2 Shields


You had 3 spell levels left.
You didn't know any spells.
Your spell library was empty.

Inventory:

Hand Weapons
 h - a +2 vampiric whip
 o - a +0 mace
 Y - a +2 war axe (weapon)
Armour
 c - a +0 buckler (worn)
 j - a +0 chain mail (worn)
 k - a +0 pair of boots (worn)
 l - a +0 pair of gloves (worn)
Scrolls
 b - a scroll of teleportation
Potions
 a - 2 potions of haste
 d - a potion of might
 f - a potion of attraction {unknown}
 g - a potion of mutation {unknown}
 i - a potion of heal wounds {unknown}
 q - a potion of ambrosia {unknown}

Dungeon Overview and Level Annotations

Branches:
Dungeon (4/15)
 Temple: D:4-7

Altars:


Message History

You start resting.
HP restored.
Done exploring.
(D) Dungeon
Where to? (* - list waypoints, Enter - D:4, ? - help)
What level of the Dungeon? (default 1, ? - help)
You climb downwards.
There is a stone staircase leading up here.
There are monsters nearby!
You hit the orc wizard.
The orc wizard is moderately wounded.
The orc wizard hits you but does no damage.
You slash the orc wizard!
You kill the orc wizard!
The orc hits you but does no damage.
You slash the orc!
You kill the orc!
Items here: %% ))))) [[.
Found a ring mail.
An ogre comes into view. It is wielding a +0 giant spiked club.
The ogre shouts!
You closely miss the ogre.
The ogre hits you with a +0 giant spiked club!
Ouch! That really hurt!
You closely miss the ogre. The ogre barely misses you.
You hit the ogre.
The ogre is lightly wounded.
The ogre hits you but does no damage.
You hit the ogre but do no damage.
The ogre is lightly wounded.
You block the ogre's attack.
You slash the ogre!
The ogre is heavily wounded.
The ogre hits you but does no damage.
You hit the ogre.
The ogre is heavily wounded.
The ogre hits you with a +0 giant spiked club!!
Ouch! That really hurt!
You die...

####......
#.......$.
#........#
#.........
#+###........#
#.....[.......
#...O........
#@# ##.# #..#
#.## #.# ##.#
#######..######
#.<.)...........
#######.#####...


You could see an ogre.

Vanquished Creatures
  An orc wizard (D:4)
  3 adders
  2 dart slugs
  5 orcs
  6 ball pythons
  2 bats
  3 hobgoblins
  3 jackals (D:1)
  2 kobolds (D:1)
  A quokka (D:1)
  2 frilled lizards (D:3)
  7 goblins (D:1)
  4 rats
41 creatures vanquished.

Vanquished Creatures (others)
  An orc wizard (D:4)
1 creature vanquished.

Grand Total: 42 creatures vanquished

Notes
Turn   | Place    | Note
-------+----------+-------------------------------------------
     0 | D:1      | qw the Gargoyle Fighter began the quest for the Orb.
     0 | D:1      | Reached XP level 1. HP: 14/14 MP: 1/1
     0 | D:1      | 0 ||| qw: Version: 0.2-a-29-g511e9b1
     0 | D:1      | 0 ||| qw: Game counter: 49
     0 | D:1      | 0 ||| qw: Always use a shield: true
     0 | D:1      | 0 ||| qw: God list: Okawaru
     0 | D:1      | 0 ||| qw: Allow faded altars: false
     0 | D:1      | 0 ||| qw: Do Orc after D:15 true
     0 | D:1      | 0 ||| qw: Do second Lair branch before Depths: true
     0 | D:1      | 0 ||| qw: Lair rune preference: random
     0 | D:1      | 0 ||| qw: Plans: Normal, Zot:1-4, Slime:5, God:TSO, Crypt,
                  | Tomb, Abyss, Pan, Hells, Win
     0 | D:1      | 0 ||| PLANNING D:1-11
    30 | D:1      | Reached skill level 2 in Axes
   115 | D:1      | 115 ||| Stepping ~*~*~tactically~*~*~ (stealth).
   130 | D:1      | Reached XP level 2. HP: 19/19 MP: 2/2
   133 | D:1      | 133 ||| Stepping ~*~*~tactically~*~*~ (stealth).
   219 | D:1      | 219 ||| DROPPING +0 club.
   250 | D:1      | 250 ||| Stepping ~*~*~tactically~*~*~ (hiding).
   395 | D:1      | 395 ||| Stepping ~*~*~tactically~*~*~ (hiding).
   431 | D:1      | Reached skill level 3 in Axes
   516 | D:1      | Reached XP level 3. HP: 23/23 MP: 3/3
   882 | D:1      | 882 ||| DROPPING +1 leather armour of fire resistance.
   883 | D:1      | 883 ||| UPGRADING to +0 chain mail.
   893 | D:1      | 893 ||| DROPPING +0 scale mail.
   894 | D:1      | 894 ||| UPGRADING to +0 pair of gloves.
   899 | D:1      | 899 ||| READING scroll labelled MONYENUMUY.
   900 | D:1      | 900 ||| READING scroll labelled GAMALI MIGYO.
  1579 | D:2      | 1579 ||| UPGRADING to +0 pair of boots.
  1584 | D:2      | 1584 ||| READING scroll labelled SAIBAZI QEOWK.
  1585 | D:2      | 1585 ||| DRINKING 3 fuming red potions.
  1901 | D:3      | 1901 ||| Stepping ~*~*~tactically~*~*~ (stealth).
  1981 | D:3      | 1981 ||| DROPPING +0 whip.
  2043 | D:3      | Reached XP level 4. HP: 28/28 MP: 4/4
  2137 | D:3      | Reached skill level 4 in Axes
  2466 | D:3      | 2466 ||| READING 2 scrolls labelled ASHORY ZOGYAWN.
  2467 | D:3      | 2467 ||| READING scroll of enchant weapon.
  2467 | D:3      | 2467 ||| ENCHANTING +1 war axe.
  2468 | D:3      | 2468 ||| READING scroll labelled LUWUUT JOCWUUSCH.
  2469 | D:3      | 2469 ||| READING scroll labelled UMIPPOYFUSM.
  2470 | D:3      | 2470 ||| READING scroll labelled ULAUHU SUUFOGE.
  2574 | D:4      | 2574 ||| FLEEEEING.
  2575 | D:4      | 2575 ||| FLEEEEING.
  2576 | D:4      | 2576 ||| STAIRDANCE
  2605 | D:4      | Noticed an ogre
  2612 | D:4      | Mangled by an ogre

Levels and vault maps discovered:
D:1:      psy_arrival_statuary, layout_basic, grunt_decor_clamped,
          hangedman_abyss_or_decor_stabs, dk_noncrumbling_3
D:2:      layout_loops_ring
D:3:      layout_basic
D:4:      layout_rooms, mainiacjoe_overflow_alcove_2, serial_rivers,
          chequers_serial_rivers_large_b, chequers_serial_rivers_micro_a,
          chequers_serial_rivers_room_b, chequers_serial_rivers_room_b,
          chequers_serial_rivers_room_b

Skill      XL: |  1  2  3  4 |
---------------+-------------+-----
Axes           | 2 3 4 |  4.4
Fighting       | |  3.2
Armour         | |  3.2
Shields        | |  3.2

Action                     |  1- 3 |  4- 6 || total
---------------------------+-------+-------++-------
  Melee: War axe           |   109 |    36 ||   145
    Use: Scroll            |     3 |     5 ||     8
         Potion            |     1 |       ||     1
 Armour: Scale mail        |    27 |       ||    27
         Chain mail        |    43 |    31 ||    74
  Dodge: Dodged            |    43 |    11 ||    54
  Block: Buckler           |    18 |     5 ||    23

Table legend:
 A = Non-vault XP
 B = Vault XP
 C = Vault XP percentage of total XP
 D = Non-vault monster count
 E = Vault monster count
 F = Vault count percentage of total count
                 A         B        C        D         E       F
            +---------+---------+-------+---------+---------+-------
      Total |     154 |       0 |   0.0 |      42 |       0 |   0.0
            +---------+---------+-------+---------+---------+-------
        D:1 |      38 |       0 |   0.0 |      21 |       0 |   0.0
        D:2 |      18 |       0 |   0.0 |       4 |       0 |   0.0
        D:3 |      45 |       0 |   0.0 |      12 |       0 |   0.0
        D:4 |      53 |       0 |   0.0 |       5 |       0 |   0.0
            +---------+---------+-------+---------+---------+-------
